 Dungeon Crawl Stone Soup version 0.30.0-10-gfe55d96785 (webtiles) character file.

Game seed: 12736917185577016730

12793 qw the Cleaver (level 11, 0/71 HPs)
             Began as a Gargoyle Cinder Acolyte on May 16, 2023.
             Was a Follower of Okawaru.
             Slain by a death yak (12 damage)
             ... on level 5 of the Lair of Beasts.
             The game lasted 00:04:13 (9644 turns).

qw the Cleaver (Gargoyle Cinder Acolyte)            Turns: 9644, Time: 00:04:13

Health: 0/71       AC: 28    Str: 19 (22) XL:     11   Next: 98%
Magic:  13/14      EV:  7    Int: 12 (13) God:    Okawaru [*.....]
Gold:   740        SH: 11    Dex:  7 (9)  Spells: 12/12 levels left

rFire   . . .        Y - +4 war axe (heavy)
rCold   . . .        j - +0 buckler
rNeg    + . .        n - +0 plate armour
rPois   inf          q - +1 helmet
rElec   +            (no cloak)
rCorr   .            (no gloves)
SInv    +            a - +0 pair of boots
Will    .....        d - amulet of reflection Stlth
                     p - ring of see invisible
HPRegen 0.31/turn    (no ring)
MPRegen 0.14/turn

%: reflection, clarity
@: heroic, fire susceptible
A: sickness immunity, AC +8, negative energy resistance 1, electricity
resistance, torment resistance 1, petrification resistance, agile 1, clarity
a: Renounce Religion, Heroism


You were on level 5 of the Lair of Beasts.
You worshipped Okawaru.
Okawaru was aware of your devotion.
You visited 2 branches of the dungeon, and saw 12 of its levels.

You collected 740 gold pieces.


Innate Abilities, Weirdness & Mutations

You are immune to sickness and miasma.
Your stone body is resilient. (AC +8)
You are immune to poison.
You resist negative energy. (rN+)
You are resistant to electric shocks. (rElec)
You are resistant to unholy torment.
You are immune to petrification.
You are agile. (Dex +4, Str/Int -1)
You possess an exceptional clarity of mind.


   Skills:
 - Level 9.0(14.0) Fighting
 - Level 12.0(17.0) Axes
 - Level 4.0(9.0) Throwing
 + Level 8.8(13.8) Armour
 - Level 1.2(6.2) Dodging
 - Level 6.0(11.0) Shields
 - Level 1.0 Spellcasting
 - Level 3.0 Fire Magic
 - Level 4.1 Invocations


You had 12 spell levels left.
You didn't know any spells.
Your spell library contained the following spells:

 Spells                   Type           Power      Damage    Failure   Level
 Scorch                   Fire           14%        2d5       91%         2

Inventory:

Hand Weapons
 g - a -1 hand axe of flaming
 Y - a +4 heavy war axe (weapon)
Armour
 a - a +0 pair of boots (worn)
 j - a +0 buckler (worn)
 n - a +0 plate armour (worn)
 q - a +1 helmet (worn)
 r - a +8 chain mail of ponderousness
Jewellery
 d - an amulet of reflection (around neck)
 p - a ring of see invisible (left hand)
Wands
 t - a wand of digging (8)
Scrolls
 h - 10 scrolls of teleportation
 k - a scroll of identify
Potions
 b - a potion of mutation
 c - a potion of heal wounds
 e - a potion of cancellation {unknown}
 f - a potion of attraction {unknown}
 i - a potion of might {unknown}
 o - 2 potions of curing
 s - a potion of lignification {unknown}

Dungeon Overview and Level Annotations

Branches:
Dungeon (8/15)             Temple (0/1) D:7            Lair (3/5) D:8
 Shoals (0/4) Lair:2
  Snake: Lair:2-3    Spider: Lair:2-3

Altars:
Ashenzari
Cheibriados
Dithmenos
Gozag
Makhleb
Okawaru
Ru
Uskayaw
Vehumet
Xom
Zin

Shops:
D:6 (

Annotations:
D:5 Pikel


Message History

The death yak is lightly wounded.
You throw a silver javelin.
The silver javelin closely misses the basilisk.
The silver javelin pierces through the death yak!
The death yak is lightly wounded.
A death yak comes into view.
The death yak bellows!
You hit the death yak.
The death yak is lightly wounded.
You hit the death yak. The death yak gores you!
You block the death yak's attack.
You hit the death yak.
The death yak is lightly wounded.
You slice the death yak!! The death yak gores you!!
You hit the death yak.
The death yak is heavily wounded.
You slash the death yak!
The death yak gores you but does no damage. x2
You hit the death yak but do no damage.
The death yak is heavily wounded.
You hit the death yak. You hit the death yak but do no damage.
The death yak gores you but does no damage.
You block the death yak's attack. x2
You hit the death yak.
The death yak is heavily wounded.
You slice the death yak!! You barely miss the death yak.
The death yak barely misses you. You block the death yak's attack.
The death yak gores you!
A boulder beetle comes into view.
You slash the death yak!
The death yak is heavily wounded.
You barely miss the death yak. You hit the death yak but do no damage.
The death yak gores you but does no damage.
The death yak gores you. You block the death yak's attack.
You hit the death yak.
The death yak is heavily wounded.
You slice the death yak!! You hit the death yak.
You block the death yak's attack. The death yak gores you! x2
You die...

## ### ##.##.#
##.....# ..
#....P.## ...(
##......####.B...
#.......#@YY....$
##........YYl.....
#.....#######.....
##.....## ....
##.......## #..
#.......#.# .
##.........#
#P........##
###..........#


You could see 4 death yaks, a boulder beetle and a basilisk.

Vanquished Creatures
  Amaemon (Lair:2)
  Sonja (Lair:2)
  An orange demon (Lair:2)
  4 komodo dragons
  5 cane toads
  A rime drake (Lair:1)
  A troll (D:8)
  A merfolk (Lair:2)
  Prince Ribbit (D:7)
  2 polar bears
  4 blink frogs (Lair:1)
  21 yaks
  A wyvern (Lair:1)
  A basilisk (Lair:5)
  7 fire elementals
  Duvessa (D:6)
  3 water moccasins
  2 black bears
  2 sky beasts
  3 ice beasts
  2 wolves (D:8)
  2 centaurs (D:8)
  3 lemures (D:5)
  6 bullfrogs
  A kobold brigand (D:8)
  Blork the orc (D:5)
  A gnoll sergeant (D:7)
  3 scorpions
  Dowan (D:6)
  8 killer bees
  7 electric eels
  A howler monkey (D:8)
  9 hounds
  2 jellies
  3 orc priests
  A sleepcap (D:5)
  An iguana (D:5)
  4 orc wizards
  7 gnolls (D:7)
  3 adders
  2 shadow imps
  2 white imps
  A worm (D:4)
  2 dart slugs
  18 orcs
  5 ball pythons
  5 endoplasms
  7 giant cockroaches
  10 goblins
  2 hobgoblins (D:1)
  4 jackals (D:1)
  7 bats
  4 frilled lizards
  8 kobolds
  6 rats
212 creatures vanquished.

Notes
Turn   | Place    | Note
-------+----------+-------------------------------------------
     0 | D:1      | qw the Gargoyle Cinder Acolyte began the quest for the Orb.
     0 | D:1      | Reached XP level 1. HP: 14/14 MP: 2/2
     0 | D:1      | 0 ||| qw: Version: 0.2-a-94-g0ecc84f
     0 | D:1      | 0 ||| qw: Game counter: 54
     0 | D:1      | 0 ||| qw: Always use a shield: true
     0 | D:1      | 0 ||| qw: God list: Okawaru
     0 | D:1      | 0 ||| qw: Allow faded altars: false
     0 | D:1      | 0 ||| qw: Do Orc after D:15 true
     0 | D:1      | 0 ||| qw: Do second Lair branch before Depths: true
     0 | D:1      | 0 ||| qw: Lair rune preference: random
     0 | D:1      | 0 ||| qw: Plans: Normal
     0 | D:1      | 0 ||| PLANNING D:1-11
   216 | D:1      | Reached skill level 3 in Axes
   229 | D:1      | Reached XP level 2. HP: 18/19 MP: 3/3
   644 | D:1      | 644 ||| Stepping ~*~*~tactically~*~*~ (stealth).
   646 | D:1      | 646 ||| Stepping ~*~*~tactically~*~*~ (stealth).
   648 | D:1      | 648 ||| Stepping ~*~*~tactically~*~*~ (stealth).
   655 | D:1      | Reached XP level 3. HP: 23/23 MP: 4/4
   664 | D:1      | 664 ||| Stepping ~*~*~tactically~*~*~ (stealth).
   751 | D:1      | 751 ||| Stepping ~*~*~tactically~*~*~ (stealth).
   789 | D:1      | 789 ||| Stepping ~*~*~tactically~*~*~ (stealth).
  1100 | D:1      | 1100 ||| UPGRADING to amulet of reflection.
  1105 | D:1      | 1105 ||| READING scroll labelled VUYKODDI JUCE.
  1106 | D:1      | 1106 ||| READING 4 scrolls labelled AROSIA CUCVO.
  1110 | D:1      | 1110 ||| READING scroll labelled ULEAGABAKAR.
  1111 | D:1      | 1111 ||| READING scroll labelled TIFUH XURU.
  1112 | D:1      | 1112 ||| DRINKING 2 pink potions.
  1187 | D:2      | 1187 ||| INVOKING Fiery Armour.
  1191 | D:2      | Reached skill level 4 in Axes
  1199 | D:2      | 1199 ||| DRINKING potion of curing.
  1199 | D:2      | 1199 ||| (to cure confusion)
  1200 | D:2      | Reached XP level 4. HP: 19/28 MP: 5/5
  1206 | D:2      | HP: 6/28 [orc/+0 flail (6)]
  1538 | D:2      | Reached skill level 5 in Axes
  1766 | D:2      | 1766 ||| UPGRADING to +0 pair of boots.
  1771 | D:2      | 1771 ||| UPGRADING to +0 leather armour.
  1781 | D:2      | 1781 ||| DROPPING +0 robe.
  1782 | D:2      | 1782 ||| READING scroll labelled HUAKLEFFIURCH.
  1783 | D:2      | 1783 ||| READING scroll labelled IZIGEI HIDWIUMP.
  1872 | D:3      | Found a faded altar of an unknown god.
  1947 | D:3      | Found a snail-covered altar of Cheibriados.
  1987 | D:3      | 1987 ||| Stepping ~*~*~tactically~*~*~ (stealth).
  1991 | D:3      | 1991 ||| INVOKING Fiery Armour.
  1997 | D:3      | Reached XP level 5. HP: 27/32 MP: 6/6
  2001 | D:3      | 2001 ||| DRINKING potion of curing.
  2001 | D:3      | 2001 ||| (to cure confusion)
  2003 | D:3      | Reached skill level 1 in Armour
  2258 | D:3      | 2258 ||| UPGRADING to +0 scale mail.
  2268 | D:3      | 2268 ||| DROPPING +0 leather armour.
  2269 | D:3      | 2269 ||| DRINKING 2 glowing yellow potions.
  2317 | D:4      | 2317 ||| Stepping ~*~*~tactically~*~*~ (stealth).
  2318 | D:4      | 2318 ||| Stepping ~*~*~tactically~*~*~ (stealth).
  2418 | D:4      | Noticed a black bear
  2434 | D:4      | Reached XP level 6. HP: 24/39 MP: 7/7
  2435 | D:4      | 2435 ||| INVOKING Fiery Armour.
  2436 | D:4      | Killed a black bear
  2675 | D:4      | 2675 ||| Stepping ~*~*~tactically~*~*~ (hiding).
  2707 | D:4      | Found a shadowy altar of Dithmenos.
  2734 | D:4      | 2734 ||| Stepping ~*~*~tactically~*~*~ (hiding).
  2736 | D:4      | 2736 ||| Stepping ~*~*~tactically~*~*~ (hiding).
  2737 | D:4      | 2737 ||| Stepping ~*~*~tactically~*~*~ (hiding).
  2739 | D:4      | 2739 ||| Stepping ~*~*~tactically~*~*~ (hiding).
  2813 | D:4      | 2813 ||| SWAPPING to +2 heavy war axe.
  2951 | D:4      | 2951 ||| READING scroll labelled BORHUCWIJEY.
  2952 | D:4      | 2952 ||| READING scroll labelled CASCHE MEGA.
  2975 | D:5      | Entered Level 5 of the Dungeon
  3275 | D:5      | 3275 ||| INVOKING Fiery Armour.
  3369 | D:5      | Noticed Blork the orc
  3379 | D:5      | Reached skill level 6 in Axes
  3384 | D:5      | Killed Blork the orc
  3385 | D:5      | Reached XP level 7. HP: 23/44 MP: 8/8
  3474 | D:5      | Noticed Pikel
  3483 | D:5      | 3483 ||| INVOKING Fiery Armour.
  3484 | D:5      | HP: 8/44 [Pikel/+0 whip of electrocution (5)]
  3485 | D:5      | 3485 ||| READING 7 scrolls of teleportation.
  3486 | D:5      | 3486 ||| DRINKING 2 potions of heal wounds.
  3851 | D:5      | Identified the +10 sling of Kismet {freeze, rCorr Str+4
                  | Dex-5}
  3932 | D:5      | Reached skill level 7 in Axes
  3945 | D:5      | 3945 ||| READING scroll labelled VESHECINUI.
  3946 | D:5      | 3946 ||| DRINKING 2 metallic amethyst potions.
  3947 | D:5      | 3947 ||| DROPPING potion of invisibility.
  4083 | D:6      | Reached XP level 8. HP: 28/49 MP: 9/9
  4258 | D:6      | Noticed Duvessa
  4258 | D:6      | Noticed Dowan
  4259 | D:6      | 4259 ||| Stepping ~*~*~tactically~*~*~ (hiding).
  4260 | D:6      | 4260 ||| Stepping ~*~*~tactically~*~*~ (hiding).
  4262 | D:6      | 4262 ||| INVOKING Fiery Armour.
  4267 | D:6      | Killed Duvessa
  4268 | D:6      | Killed Dowan
  4269 | D:6      | Reached skill level 8 in Axes
  4326 | D:6      | Found Ihu Zubo's Weapon Emporium.
  4560 | D:6      | Reached skill level 6 in Fighting
  4764 | D:6      | Reached skill level 3 in Armour
  4875 | D:6      | 4875 ||| UPGRADING to +0 plate armour.
  4885 | D:6      | 4885 ||| DROPPING +0 scale mail.
  4886 | D:6      | 4886 ||| READING scroll labelled AMU UGICSYA.
  5130 | D:7      | Found a glowing silver altar of Zin.
  5132 | D:7      | Found an iron altar of Okawaru.
  5138 | D:7      | Found a shimmering altar of Xom.
  5140 | D:7      | Found a sacrificial altar of Ru.
  5156 | D:7      | Found a hide-covered altar of Uskayaw.
  5158 | D:7      | Found an opulent altar of Gozag.
  5162 | D:7      | Found a radiant altar of Vehumet.
  5241 | D:7      | Noticed Prince Ribbit
  5248 | D:7      | Found a broken altar of Ashenzari.
  5252 | D:7      | Killed Prince Ribbit
  5264 | D:7      | 5264 ||| Stepping ~*~*~tactically~*~*~ (stealth).
  5265 | D:7      | 5265 ||| Stepping ~*~*~tactically~*~*~ (stealth).
  5274 | D:7      | Reached XP level 9. HP: 36/55 MP: 10/10
  5396 | D:7      | 5396 ||| INVOKING Fiery Armour.
  5399 | D:7      | HP: 11/55 [gnoll sergeant/+0 spear (6)]
  5400 | D:7      | 5400 ||| READING 7 scrolls of teleportation.
  5401 | D:7      | 5401 ||| DRINKING potion of heal wounds.
  5408 | D:7      | 5408 ||| Stepping ~*~*~tactically~*~*~ (hiding).
  5413 | D:7      | 5413 ||| Stepping ~*~*~tactically~*~*~ (hiding).
  5621 | D:7      | Found a staircase to the Ecumenical Temple.
  5693 | D:7      | 5693 ||| Stepping ~*~*~tactically~*~*~ (stealth).
  5701 | D:7      | Reached skill level 9 in Axes
  6021 | D:7      | 6021 ||| DROPPING scarf of shadows.
  6022 | D:7      | 6022 ||| UPGRADING to +0 buckler.
  6027 | D:7      | 6027 ||| DROPPING scarf of harm.
  6028 | D:7      | 6028 ||| UPGRADING to +0 helmet.
  6033 | D:7      | 6033 ||| READING scroll labelled BEMNIK WEOKK.
  6062 | D:8      | 6062 ||| Stepping ~*~*~tactically~*~*~ (hiding).
  6068 | D:8      | 6068 ||| Stepping ~*~*~tactically~*~*~ (hiding).
  6072 | D:8      | 6072 ||| INVOKING Fiery Armour.
  6203 | D:8      | Found a burning altar of Makhleb.
  6234 | D:8      | Reached skill level 3 in Shields
  6240 | D:8      | Reached skill level 6 in Armour
  6240 | D:8      | 6240 ||| INVOKING Fiery Armour.
  6456 | D:8      | Noticed a troll
  6458 | D:8      | 6458 ||| Stepping ~*~*~tactically~*~*~ (stealth).
  6461 | D:8      | 6461 ||| INVOKING Fiery Armour.
  6464 | D:8      | Killed a troll
  6466 | D:8      | Reached XP level 10. HP: 53/63 MP: 11/11
  6472 | D:8      | Reached skill level 3 in Throwing
  6510 | D:8      | HP: 15/63 [electric eel/bolt of electricity (2)]
  6511 | D:8      | 6511 ||| READING 6 scrolls of teleportation.
  6545 | D:8      | 6545 ||| INVOKING Fiery Armour.
  6724 | D:8      | Found a staircase to the Lair.
  6840 | D:8      | 6840 ||| Stepping ~*~*~tactically~*~*~ (stealth).
  6849 | D:8      | Reached skill level 10 in Axes
  6910 | D:8      | 6910 ||| Stepping ~*~*~tactically~*~*~ (hiding).
  7106 | D:8      | 7106 ||| READING scroll of enchant weapon.
  7106 | D:8      | 7106 ||| ENCHANTING +3 heavy war axe.
  7269 | D:8      | 7269 ||| PLANNING LAIR
  7269 | D:8      | 7269 ||| UPGRADING to ring of see invisible.
  7270 | D:8      | 7270 ||| DRINKING 3 fuming amethyst potions.
  7271 | D:8      | 7271 ||| DRINKING 2 potions of curing.
  7271 | D:8      | 7271 ||| (to cure confusion)
  7272 | D:8      | 7272 ||| DROPPING 2 potions of ambrosia.
  7295 | Lair:1   | Entered Level 1 of the Lair of Beasts
  7296 | Lair:1   | 7296 ||| INVOKING Fiery Armour.
  7342 | Lair:1   | 7342 ||| READING scroll of enchant armour.
  7342 | Lair:1   | 7342 ||| ENCHANTING +0 helmet.
  7361 | Lair:1   | Reached skill level 1 in Dodging
  7544 | Lair:1   | Reached skill level 11 in Axes
  7544 | Lair:1   | Reached XP level 11. HP: 68/68 MP: 12/12
  7554 | Lair:1   | 7554 ||| INVOKING Fiery Armour.
  7557 | Lair:1   | Reached skill level 9 in Fighting
  7819 | Lair:1   | 7819 ||| PLANNING OKAWARU WORSHIP
  7819 | Lair:1   | 7819 ||| READING scroll labelled MAUSCH AHO XENA.
  7820 | Lair:1   | 7820 ||| READING scroll labelled NARREA DANN.
  7821 | Lair:1   | 7821 ||| READING 2 scrolls of identify.
  7821 | Lair:1   | 7821 ||| IDENTIFYING dark potion
  7822 | Lair:1   | 7822 ||| DROPPING potion of flight.
  7892 | D:7      | Fell from the grace of Ignis
  7892 | D:7      | Became a worshipper of Warmaster Okawaru
  7893 | D:7      | 7893 ||| PLANNING LAIR
  7942 | Lair:1   | 7942 ||| Stepping ~*~*~tactically~*~*~ (stealth).
  8106 | Lair:1   | Reached * piety under Okawaru
  8107 | Lair:1   | 8107 ||| INVOKING Heroism.
  8507 | Lair:2   | Noticed Amaemon
  8521 | Lair:2   | Killed Amaemon
  8522 | Lair:2   | 8522 ||| INVOKING Heroism.
  8524 | Lair:2   | Noticed Sonja
  8529 | Lair:2   | Reached skill level 1 in Invocations
  8532 | Lair:2   | 8532 ||| INVOKING Heroism.
  8540 | Lair:2   | 8540 ||| Stepping ~*~*~tactically~*~*~ (hiding).
  8541 | Lair:2   | 8541 ||| Stepping ~*~*~tactically~*~*~ (hiding).
  8542 | Lair:2   | 8542 ||| Stepping ~*~*~tactically~*~*~ (hiding).
  8543 | Lair:2   | 8543 ||| Stepping ~*~*~tactically~*~*~ (hiding).
  8546 | Lair:2   | 8546 ||| INVOKING Heroism.
  8548 | Lair:2   | Killed Sonja
  8549 | Lair:2   | Reached skill level 12 in Axes
  8551 | Lair:2   | Reached ** piety under Okawaru
  8780 | Lair:2   | 8780 ||| INVOKING Heroism.
  8790 | Lair:2   | Reached skill level 3 in Invocations
  8800 | Lair:2   | 8800 ||| INVOKING Heroism.
  8810 | Lair:2   | Reached skill level 6 in Shields
  8826 | Lair:2   | 8826 ||| INVOKING Heroism.
  8853 | Lair:2   | 8853 ||| INVOKING Heroism.
  8934 | Lair:2   | 8934 ||| INVOKING Heroism.
  9328 | Lair:2   | Found a staircase to the Shoals.
  9338 | Lair:2   | 9338 ||| INVOKING Heroism.
  9403 | Lair:2   | 9403 ||| DRINKING 2 viscous yellow potions.
  9403 | Lair:2   | Gained mutation: You possess an exceptional clarity of
                  | mind. [potion of mutation]
  9403 | Lair:2   | Gained mutation: You are agile. (Dex +4, Str/Int -1)
                  | [potion of mutation]
  9404 | Lair:2   | 9404 ||| DRINKING 2 blue potions.
  9405 | Lair:2   | 9405 ||| DROPPING potion of degeneration.
  9421 | Lair:3   | 9421 ||| INVOKING Heroism.
  9457 | Lair:3   | You fall into a shaft and drop 2 floors!
  9457 | Lair:5   | Entered Level 5 of the Lair of Beasts
  9519 | Lair:5   | 9519 ||| INVOKING Heroism.
  9543 | Lair:5   | 9543 ||| INVOKING Heroism.
  9632 | Lair:5   | Noticed a death yak
  9632 | Lair:5   | Noticed a death yak
  9633 | Lair:5   | 9633 ||| INVOKING Heroism.
  9633 | Lair:5   | Noticed a death yak
  9635 | Lair:5   | Noticed a death yak
  9642 | Lair:5   | Noticed a boulder beetle
  9644 | Lair:5   | HP: 12/71 [death yak (9)]
  9644 | Lair:5   | Slain by a death yak

Levels and vault maps discovered:
D:1:      minmay_arrival_wavy_path, layout_basic
D:2:      layout_basic, minmay_tetromino_i2
D:3:      layout_rooms, mainiacjoe_overflow_cross_hatched,
          ebering_ecumenical_altar_box
D:4:      layout_cave_pools, lemuel_doored_altar
D:5:      layout_basic, uniq_blork_the_orc, uniq_pikel
D:6:      layout_basic, minmay_misc_feat_chi, minmay_shop_grid_forest,
          uniq_duvessa
D:7:      layout_gridville, cheibrodos_ashenzari_chains,
          nicolae_overflow_hallway_of_the_gods, temple_doors_e,
          uniq_prince_ribbit1
D:8:      layout_basic, mainiacjoe_overflow_chevrons, erik_lair_island
Lair:1:   layout_gridlike, infiniplex_staircase_pool_2
Lair:2:   layout_misc_corridors, elwin_shoals_entry_rooms,
          chequers_serial_rivers_micro_a, st_stairs_4, grunt_megastairs_3,
          infiniplex_staircase_pool, uniq_sonja, uniq_amaemon
Lair:3:   layout_regular_city, guppyfry_snake_entry_island,
          hangedman_tree_tricks, wad_woods_06, st_stairs_8, grunt_megastairs_5
Lair:5:   hangedman_lair_in_review, layout_gridlike,
          nicolae_slime_entry_slimehenge, special_room [special_room_bee]

Skill      XL: |  1  2  3  4  5  6  7  8  9 10 11 |
---------------+----------------------------------+-----
Axes           | 3 4 5 6 7 8 9 11 12 | 12.0
Armour         | 1 2 5 6 7 8 |  8.8
Fighting       | 4 5 6 7 8 9 |  9.0
Shields        | 5 6 |  6.0
Throwing       | 2 3 4 |  4.0
Dodging        | 1 |  1.2
Invocations    | 4 |  4.1
Spellcasting   | |  1.0
Fire Magic     | |  3.0

Action                     |  1- 3 |  4- 6 |  7- 9 | 10-12 || total
---------------------------+-------+-------+-------+-------++-------
  Melee: Hand axe          |    83 |   115 |       |       ||   198
         Punch             |       |     1 |     2 |       ||     3
         War axe           |       |    11 |   151 |   187 ||   349
  Throw: Javelin           |       |       |     9 |    41 ||    50
 Invoke: Fiery Armour      |     1 |     3 |     6 |     3 ||    13
         Heroism           |       |       |       |    14 ||    14
    Use: Scroll            |     4 |     4 |     5 |     6 ||    19
         Potion            |     2 |     2 |     3 |     4 ||    11
 Armour: Robe              |    27 |     5 |       |       ||    32
         Leather armour    |       |    12 |       |       ||    12
         Scale mail        |       |    35 |    56 |       ||    91
         Plate armour      |       |       |    73 |   166 ||   239
  Dodge: Dodged            |    52 |    71 |    68 |    69 ||   260
  Block: Other             |     2 |    29 |    40 |       ||    71
         Buckler           |       |       |    20 |    91 ||   111
         Reflection        |       |       |     1 |     8 ||     9

Table legend:
 A = Non-vault XP
 B = Vault XP
 C = Vault XP percentage of total XP
 D = Non-vault monster count
 E = Vault monster count
 F = Vault count percentage of total count
                 A         B        C        D         E       F
            +---------+---------+-------+---------+---------+-------
      Total |   13691 |    4586 |  25.1 |     180 |      22 |  10.9
            +---------+---------+-------+---------+---------+-------
        D:1 |      49 |       0 |   0.0 |      28 |       0 |   0.0
        D:2 |     107 |       3 |   2.7 |      14 |       2 |  12.5
        D:3 |      59 |       0 |   0.0 |      13 |       0 |   0.0
        D:4 |     255 |       0 |   0.0 |      14 |       0 |   0.0
        D:5 |     397 |      91 |  18.6 |       8 |       1 |  11.1
        D:6 |     624 |     222 |  26.2 |      10 |       2 |  16.7
        D:7 |     806 |     277 |  25.6 |      21 |       1 |   4.5
        D:8 |    2517 |     754 |  23.1 |      34 |       8 |  19.0
     Lair:1 |    6505 |       0 |   0.0 |      29 |       0 |   0.0
     Lair:2 |    1798 |    3239 |  64.3 |       7 |       8 |  53.3
     Lair:3 |     372 |       0 |   0.0 |       1 |       0 |   0.0
     Lair:5 |     202 |       0 |   0.0 |       1 |       0 |   0.0
            +---------+---------+-------+---------+---------+-------
